 Dungeon Sprint DCSS version 0.31.0-4-g52a2dc7128 (webtiles) character file.

Game seed: 5100973223160402368

144 Groucho the Trooper (level 5, -1/50 HPs)
             Began as a Minotaur Fighter on Jan 21, 2024.
             Was an Initiate of Qazlal.
             Killed from afar by an oklob sapling wizard (30 damage)
             ... with a splash of acid
             ... in the Dungeon (Sprint IV: "Fedhas' Mad Dash").
             The game lasted 00:01:26 (2117 turns).

Groucho the Trooper (Minotaur Fighter)              Turns: 2117, Time: 00:01:26

Health: -1/50      AC:  3    Str: 23    XL:     5   Next: 5%
Magic:  8/8        EV:  9    Int:  5    God:    Qazlal [......]
Gold:   42         SH:  5    Dex:  9    Spells: 4/4 levels left

rFire   . . .        a - +0 war axe
rCold   . . .        c - +0 buckler
rNeg    . . .        b - +0 scale mail
rPois   .            (helmet restricted)
rElec   .            (no cloak)
rCorr   .            (no gloves)
SInv    .            (no boots)
Will    .....        k - amulet of invisibility {+Inv} Stlth
                     (no ring)
HPRegen 0.28/turn    (no ring)
MPRegen 0.11/turn

%: no teleportation
@: corroded
A: horns 2, retaliatory headbutt
a: Renounce Religion, Evoke Invisibility


You were in the Dungeon.
You worshipped Qazlal.
Qazlal was noncommittal.
You visited 1 branch You collected 42 gold pieces.

Inventory:

Hand Weapons
 a - a +0 war axe (weapon)
Armour
 b - a +0 scale mail (worn)
 c - a +0 buckler (worn)
Jewellery
 k - the amulet of invisibility (around neck) {+Inv}
   (You found it in the Dungeon)

   [amulet of nothing]

   +Inv:      It lets you turn invisible.
Scrolls
 i - a scroll of enchant weapon {unknown}
 j - a scroll of blinking
Potions
 d - a potion of might
 e - a potion of curing
 g - a potion of haste
 h - 2 potions of magic


   Skills:
 + Level 6.1 Fighting
 + Level 5.4 Axes
 + Level 5.9 Armour
 + Level 6.0 Shields
 * Level 5.5 Invocations
 + Level 1.4 Evocations


You had 4 spell levels left.
You didn't know any spells.
Your spell library was empty.

Dungeon Overview and Level Annotations

Branches:
Dungeon (1/1)

Altars:
Cheibriados
Dithmenos
Elyvilon
Gozag
Hepliaklqana
Kikubaaqudgha
Makhleb
Nemelex Xobeh
Okawaru
Qazlal
Ru
Sif Muna
Trog
Uskayaw
Vehumet
Wu Jian
Xom
Yredelemnul
Zin
The Shining One
Jiyva
Lugonu

Annotations:
D exclusion: oklob sapling


Innate Abilities, Weirdness & Mutations

You have a pair of horns on your head.
You reflexively headbutt those who attack you in melee.


Message History

Your magical contamination has completely faded away.
You start resting.
You are no longer corroded.
You start resting.
Magic restored.
You start resting.
HP restored.
You start waiting.
Done waiting.
You start waiting.
Done waiting.
You start waiting.
Done waiting.
There is a stormy altar of Qazlal here.
You open the door.
An oklob sapling wizard comes into view.
Marking area around an oklob sapling wizard as unsafe for travelling.
Found 2 stones.
Found 20 gold pieces.
The oklob sapling wizard spits acid at you.
The splash of acid hits you!!
Ouch! That really hurt!
The acid corrodes you!
There is an open door here.
The oklob sapling wizard stares at you and mumbles some strange words.
The magic dart hits you!
* * * LOW HITPOINT WARNING * * *
Unknown command.
You feel much better.
The oklob sapling wizard looks encouraged for a moment.
You hit the oklob sapling wizard but do no damage.
You headbutt the oklob sapling wizard, but do no damage.
The oklob sapling wizard spits acid at you.
The splash of acid hits you!!
You hit the oklob sapling wizard but do no damage.
You headbutt the oklob sapling wizard, but do no damage.
The oklob sapling wizard spits acid at you.
The splash of acid hits you!!
Ouch! That really hurt!
You die...

###################
.#.⌠._._._._.⌠.#.(+
.'.._._._._._..'@P#
.#..._._._._...#..#
##.._._._._._..#.$#
#._._._._._.⌠.####
###############


You could see an oklob sapling wizard.

Vanquished Creatures
  A scorpion (D)
  2 oklob saplings (D)
  A river rat (D)
  A rat (D)
5 creatures vanquished.

Notes
Turn   | Place    | Note
-------+----------+-------------------------------------------
     0 | D        | Groucho the Minotaur Fighter began the quest for the Orb.
     0 | D        | Reached XP level 1. HP: 19/19 MP: 0/0
    13 | D        | Reached XP level 2. HP: 5/27 MP: 0/2
   508 | D        | Noticed an oklob sapling
  1014 | D        | Killed an oklob sapling
  1015 | D        | Reached XP level 3. HP: 34/34 MP: 2/4
  1347 | D        | Noticed a scorpion
  1347 | D        | Found the amulet of invisibility {+Inv}
  1351 | D        | Killed a scorpion
  1352 | D        | Reached skill level 5 in Fighting
  1352 | D        | Reached skill level 5 in Armour
  1352 | D        | Reached skill level 5 in Shields
  1352 | D        | Reached XP level 4. HP: 31/42 MP: 4/6
  1730 | D        | Found an opulent altar of Gozag.
  1730 | D        | Found a hazy altar of Hepliaklqana.
  1730 | D        | Found a burning altar of Makhleb.
  1730 | D        | Found a sparkling altar of Nemelex Xobeh.
  1730 | D        | Found a sacrificial altar of Ru.
  1730 | D        | Found a shimmering blue altar of Sif Muna.
  1730 | D        | Found an ornate altar of the Wu Jian Council.
  1730 | D        | Found a shimmering altar of Xom.
  1730 | D        | Found a basalt altar of Yredelemnul.
  1731 | D        | Found a viscous altar of Jiyva.
  1731 | D        | Found a snail-covered altar of Cheibriados.
  1731 | D        | Found a bloodstained altar of Trog.
  1732 | D        | Found an iron altar of Okawaru.
  1732 | D        | Found a shadowy altar of Dithmenos.
  1732 | D        | Found a glowing silver altar of Zin.
  1733 | D        | Found an ancient bone altar of Kikubaaqudgha.
  1733 | D        | Found a hide-covered altar of Uskayaw.
  1734 | D        | Found a stormy altar of Qazlal.
  1734 | D        | Found a white marble altar of Elyvilon.
  1734 | D        | Found a glowing golden altar of the Shining One.
  1735 | D        | Found a corrupted altar of Lugonu.
  1735 | D        | Found a radiant altar of Vehumet.
  1742 | D        | Became a worshipper of Qazlal Stormbringer
  1749 | D        | Reached skill level 5 in Axes
  1749 | D        | Reached skill level 5 in Invocations
  1749 | D        | Reached skill level 1 in Evocations
  1749 | D        | Reached XP level 5. HP: 33/50 MP: 6/8
  2117 | D        | Killed from afar by an oklob sapling wizard

Illustrated notes

Levels and vault maps discovered:
D:        dungeon_sprint_fedhas [sprint_temple]

Skill      XL: |  1  2  3  4 |
---------------+-------------+-----
Fighting       | 4 5 6 |  6.1
Axes           | 3 4 5 |  5.4
Armour         | 4 5 |  5.9
Shields        | 4 5 6 |  6.0
Invocations    | 2 3 4 5 |  5.5
Evocations     | 1 |  1.4

Action                     |  1- 3 |  4- 6 || total
---------------------------+-------+-------++-------
  Melee: War axe           |    12 |     6 ||    18
         Headbutt          |     5 |     2 ||     7
Ability: Evoke Invisibilit |       |     1 ||     1
    Use: Potion            |     1 |     1 ||     2
 Armour: Scale mail        |     8 |     5 ||    13
  Dodge: Dodged            |     9 |     1 ||    10
  Block: Buckler           |     4 |       ||     4
